Cogmind - Beta 16 @@@ ROGUE MODE // 2026.01.26 @ 22:24:08 Player: the Result: Destroyed by H-66 Slayer with Gauss Rifle Performance ------------- Evolutions (3) 1500 Regions Visited (11) 2200 Robots Destroyed (199) 995 Value Destroyed (5112) 5112 Prototype IDs (44) 880 Alien Tech Used (0) 0 Bonus (2551) 2551 TOTAL SCORE: 13238 Bonus ------- High Alert Combat Kills 539 Follower Combat Kills 482 Awakened Behemoth Slayer 1000 Met Imprinter 300 Was Imprinted 300 Friendly Fire -70 Cogmind --------- Core Integrity 0/700 Matter 300/300 Energy 11/100 System Corruption 0% Temperature Cool (0) Movement Core (150) Ox2 Location -6/Proximity Caves Parts ------- > --- POWER (1) -------- (None) > --- PROPULSION (5) --- (None) > --- UTILITY (5) ------ Small Storage Unit Improved Signal Interpreter > --- WEAPON (2) ------- CR-A16's Behemoth Slayer > --- INVENTORY (8) ---- Neutrino Core Makeshift Leg Matter Compressor (249) Launcher Loader Heavy Rocket Launcher Heavy Missile Launcher Precision Grenade Launcher Peak State ------------ > --- POWER ------------ Meta Core > --- PROPULSION ------- Improved VTOL Module Improved VTOL Module Improved Cesium-ion Thruster Improved Cesium-ion Thruster Improved Cesium-ion Thruster Cooled VTOL Module > --- UTILITY ---------- Advanced Visual Processing Unit Improved Sensor Array Improved Signal Interpreter Launcher Loader > --- WEAPON ----------- Cooled Particle Cannon Heavy Missile Launcher Impact Mace > --- INVENTORY -------- Coolant Injector Matter Compressor Matter Filter Layered Light Armor Plating Heavy Missile Launcher [Rating: 76] Favorites ----------- Power Meta Core Engine Ion Engine Power Core Meta Core Propulsion Light Treads Treads Light Treads Hover Unit Improved Airjet Flight Unit Improved VTOL Module Utility Improved Signal Interpreter Device Improved Sensor Array Storage Large Storage Unit Processor Improved Signal Interpreter Hackware Hacking Suite Protection Hardened Medium Armor Plating Weapon Grenade Launcher Energy Gun Advanced Beam Rifle Energy Cannon Subdweller Beam Cannon Ballistic Gun Enhanced Autogun Ballistic Cannon Battle Cannon Launcher Grenade Launcher Special Weapon Remote Datajack Impact Weapon Impact Mace Slashing Weapon Chainsword Piercing Weapon CR-A16's Pointy Stick Special Melee Weapon Improved Datajack Build | -11 -10 -10 -8 -8 -7 -7 -7 -7 -7 -7 -6 ------- Run | Yrd Mat Sub Mat Sto Fac Was Fac Low Low Zio Pro Slots Evolved 6 | . . . 4 . 2 . . . . . . Power . | . . . . . . . . . . . . Propulsion 3 | . . . 2 . 1 . . . . . . Utility 3 | . . . 2 . 1 . . . . . . Weapon . | . . . . . . . . . . . . Parts Attached 127 | 3 12 5 18 24 30 . 25 2 3 4 1 Power 11 | 1 1 . 4 2 1 . . . 1 1 . Engine 8 | 1 1 . 3 2 . . . . . 1 . Core 3 | . . . 1 . 1 . . . 1 . . Reactor . | . . . . . . . . . . . . Propulsion 37 | 2 . 3 3 14 6 . 7 1 1 . . Treads 18 | 2 . 3 3 10 . . . . . . . Leg . | . . . . . . . . . . . . Wheel . | . . . . . . . . . . . . Hover 8 | . . . . . 1 . 5 1 1 . . Flight 11 | . . . . 4 5 . 2 . . . . Utility 41 | . 7 1 3 3 13 . 11 1 1 . 1 Device 18 | . 2 1 1 2 7 . 4 . 1 . . Storage 6 | . 4 . . . . . 2 . . . . Processor 5 | . 1 . 1 . 2 . . . . . 1 Hackware 8 | . . . . . 3 . 5 . . . . Protection 4 | . . . 1 1 1 . . 1 . . . Artifact . | . . . . . . . . . . . . Weapon 38 | . 4 1 8 5 10 . 7 . . 3 . Energy Gun 4 | . . . 3 . 1 . . . . . . Energy Cannon 7 | . . . 2 1 3 . 1 . . . . Ballistic Gun 7 | . 2 . 2 3 . . . . . . . Ballistic Cannon 1 | . . 1 . . . . . . . . . Launcher 11 | . 2 . . 1 3 . 4 . . 1 . Special Weapon 2 | . . . . . 1 . . . . 1 . Impact Weapon 1 | . . . . . 1 . . . . . . Slashing Weapon 3 | . . . . . 1 . 2 . . . . Piercing Weapon 1 | . . . . . . . . . . 1 . Special Melee Weapon 1 | . . . 1 . . . . . . . . Unidentified Prototypes 19 | . . . 3 4 10 . 1 . . 1 . Corrupted Parts 1 | . . . . . . . 1 . . . . System Corruption 3 | . . . . . . . 3 . . . . Parts Lost 22 | . . 4 5 . . . 2 1 1 . 9 Power 3 | . . . 2 . . . . . . . 1 Propulsion 10 | . . 3 1 . . . . 1 1 . 4 Utility 5 | . . . 2 . . . . . . . 3 Weapon 4 | . . 1 . . . . 2 . . . 1 Highest Loss Streak 9 | . . 2 3 . . . 1 1 1 . 9 To Critical Strikes . | . . . . . . . . . . . . Average Backups 9 | 2 9 10 11 18 5 5 4 6 6 6 7 Power . | . 1 1 . . . . . . . . 1 Propulsion 1 | . 1 1 . 5 . . . 1 . . 1 Utility 4 | . 3 5 4 7 3 4 3 3 4 3 2 Weapon 2 | 1 3 2 5 4 1 . . 1 1 2 3 Tool/Special . | . . . . . . . . . . . . Unused Backups 35 | . 1 1 3 10 13 . 2 . . . 5 Power 2 | . . . . . 2 . . . . . . Propulsion 4 | . . . . 3 . . . . . . 1 Utility 16 | . 1 . . 3 9 . 2 . . . 1 Weapon 13 | . . 1 3 4 2 . . . . . 3 Tool/Special . | . . . . . . . . . . . . Average Slot Usage (%) 92 | . 91 91 75 99 94 86 96 99 98 90 88 Engine 6 | . 14 14 7 9 . . . . . . 2 Core 2 | . . . . . 5 6 6 7 7 6 3 Treads 16 | . 28 28 23 35 . . . . . . . Hover 5 | . . . . . . . 1 38 36 30 29 Flight 10 | . . . . . 37 40 35 . . . . Device 9 | . 8 14 10 9 9 13 8 5 7 8 7 Storage 7 | . 13 14 9 9 . . . 7 7 7 7 Processor 7 | . 1 . 4 9 13 13 13 7 7 7 14 Hackware 4 | . . . . . 8 . 10 15 15 12 . Protection 2 | . . . 4 9 1 . . 1 . . 5 Ballistic Gun 4 | . 5 . 8 14 . . . . . . . Launcher 9 | . 17 19 3 3 6 6 6 7 7 6 6 Impact Weapon 1 | . . . . . 5 6 6 . . . . Slashing Weapon 1 | . . . . . . . 5 7 7 1 . Peak Build Rating 76 | 3 8 10 26 39 75 72 76 65 65 62 54 Average Rating 37 | 2 6 7 16 33 65 71 69 64 59 53 48 On Entrance 38 | . 3 8 8 26 38 71 72 65 65 54 54 Avg Prop Armor Cover (%) 31 | 35 34 . . . . . 6 . . . . Naked Turns . | . . . . . . . . . . . . Heaviest Build 63 | 3 52 32 62 63 29 31 32 29 30 42 42 Greatest Support 80 | 3 40 40 80 80 35 33 45 45 45 36 36 Greatest Overweight (x) 2 | . 1 . 1 2 . . 2 . . 1 2 Average Overweight (x) . | . . . . . . . . . . . . Largest Inventory Capacity 20 | 5 20 15 20 20 20 5 8 8 8 8 8 Average Capacity 11 | 5 11 15 15 20 5 5 5 8 8 8 8 Most Carried 20 | 5 12 12 15 20 14 5 8 8 8 8 8 Average Carried 9 | 2 9 10 11 18 4 4 5 7 7 7 7 Final Capacity 20 | 5 15 15 20 20 5 5 8 8 8 8 8 Final Carried 15 | 5 12 11 15 15 5 5 8 7 8 8 8 Class Distribution -------------------- 46% | Mutant 15% | Hacker-Scout 12% | Scout 11% | Hacker-Mutant 6% | Commander-Mutant 3% | Scavenger-Mutant Dominant Class ---------------- Mutant | -10/Materials Mutant | -10/Subcaves Scavenger-Mutant | -8/Materials Mutant | -8/Storage Hacker-Scout | -7/Factory Sprinter | -7/Waste Hacker-Scout | -7/Factory Hacker-Mutant | -7/Lower Caves Hacker-Mutant | -7/Lower Caves Hacker-Mutant | -7/Zion Assassin | -6/Proximity Caves Resources | -11 -10 -10 -8 -8 -7 -7 -7 -7 -7 -7 -6 ----------- Run | Yrd Mat Sub Mat Sto Fac Was Fac Low Low Zio Pro Matter Collected 6449 | 175 569 473 544 1371 1054 341 1174 116 136 111 385 Remotely 1687 | . 152 473 115 947 . . . . . . . Salvage Created 6557 | . 598 299 908 1078 551 636 1398 135 506 . 448 Parts 317 | . 48 29 50 55 29 . 60 12 14 . 20 Haulers Intercepted 18 | . 2 . 4 5 3 . 4 . . . . Recyclers Shooed 6 | . 1 . . . 2 . 3 . . . . Parts Field Recycled . | . . . . . . . . . . . . Retrieved Matter . | . . . . . . . . . . . . Parts Self-Destructed 36 | . . 15 . . . . . 8 . . 13 Prevented . | . . . . . . . . . . . . Parts Restored . | . . . . . . . . . . . . Kills | -11 -10 -10 -8 -8 -7 -7 -7 -7 -7 -7 -6 ------- Run | Yrd Mat Sub Mat Sto Fac Was Fac Low Low Zio Pro Combat Hostiles Destroyed 108 | . 13 12 18 25 7 3 11 7 . . 12 Melee 4 | . . . . . . . 3 . . . 1 Guns 14 | . . . 6 8 . . . . . . . Cannons 2 | . . . 2 . . . . . . . . AOE 86 | . 13 12 10 17 7 3 7 7 . . 10 Classes Destroyed 20 | . 9 3 1 2 2 1 . . . . 2 Worker 22 | . 5 . 1 7 7 . 2 . . . . Builder 10 | . 2 . 2 1 . . 5 . . . . Tunneler 2 | . 2 . . . . . . . . . . Hauler 18 | . 2 . 4 5 3 . 4 . . . . Recycler 19 | . 3 . 2 1 3 . 10 . . . . Mechanic 4 | . 1 . . 2 . . 1 . . . . Operator 3 | . . . . 1 2 . . . . . . Drone 1 | . . . . . . . . . . . 1 Watcher 13 | . 3 . . 1 3 . 6 . . . . Swarmer 36 | . 9 4 8 . 4 . 6 5 . . . Grunt 34 | . 4 . 5 14 . . 1 1 . . 9 Brawler 3 | . . . 1 2 . . . . . . . Duelist 3 | . . . . 2 . . . . . . 1 Protector 1 | . . . . . 1 . . . . . . Sentry 12 | . . 1 4 7 . . . . . . . Programmer 7 | . . . . . 2 . 4 1 . . . Behemoth 1 | . . . . . . . . . . . 1 Compactor 3 | . . . . . . 3 . . . . . Subdweller 7 | . . 7 . . . . . . . . . Scientist 1 | . . 1 . . . . . . . . . Decomposer 2 | . . . . . . . . 1 . . 1 Best Kill Streak 11 | . 10 4 8 11 6 2 7 6 . . 7 Combat Bots Only 9 | . 9 4 7 8 4 2 4 6 . . 7 Max Kills in Single Turn 7 | . 4 2 7 3 3 1 3 3 . . 2 Gunslinging . | . . . . . . . . . . . . Exploded 6 | . 3 2 6 2 3 1 3 3 . . 2 Melee 1 | . . . . . . . 1 . . . 1 Uniques/NPCs Destroyed . | . . . . . . . . . . . . Combat | -11 -10 -10 -8 -8 -7 -7 -7 -7 -7 -7 -6 -------- Run | Yrd Mat Sub Mat Sto Fac Was Fac Low Low Zio Pro Hostile Shots Fired 461 | . 22 24 45 68 73 . 100 39 27 . 63 Missed 195 | . 5 10 10 24 39 . 57 19 15 . 16 Hits 266 | . 17 14 35 44 34 . 43 20 12 . 47 Projectile 266 | . 17 14 35 44 34 . 43 20 12 . 47 AOE 1 | . . 1 . . . . . . . . . Critical Strikes 5 | . . . . 2 . . 1 . . . 2 Damage Taken 5110 | . 222 452 658 934 598 12 886 211 191 . 946 Core 915 | . 4 66 76 65 216 6 201 27 5 . 249 Absorbed by Shields . | . . . . . . . . . . . . Regen/Repaired (Parts) 435 | . 47 . . 305 . . 83 . . . . Core Remaining (%) 82 | 100 . 72 . 74 . . . . . . . Volleys Fired 304 | . 45 29 48 101 22 19 16 8 1 4 11 Largest 2 | . 2 2 2 2 2 1 1 1 1 1 1 Hottest 160 | . 60 60 160 50 78 39 39 39 39 . 39 Shots Fired 440 | . 61 40 90 154 30 19 20 8 3 4 11 Gun 194 | . 26 . 62 106 . . . . . . . Cannon 30 | . . 5 25 . . . . . . . . Launcher 209 | . 35 35 3 48 27 19 20 8 3 . 11 Special 7 | . . . . . 3 . . . . 4 . Kinetic 199 | . 26 5 62 106 . . . . . . . Thermal 25 | . . . 25 . . . . . . . . Explosive 209 | . 35 35 3 48 27 19 20 8 3 . 11 Electromagnetic . | . . . . . . . . . . . . Robot Hit Streak 15 | . 12 11 15 15 5 7 4 . . . 6 Robot Miss Streak 3 | . 3 2 3 2 1 2 1 3 . . 1 Penetration Max . | . . . . . . . . . . . . Secondary Targets 1 | . . . 1 . . . . . . . . Max Gunslinging Chain 1 | . . . 1 . . . . . . . . Shots Hit Robots 297 | . 28 16 56 73 24 15 46 1 21 . 17 Core Hits 315 | . 45 32 32 88 34 7 31 11 6 . 29 Critical Kills 4 | . . . 1 . 2 . 1 . . . . Critical Parts Destroyed 9 | . . . 1 . 3 . 5 . . . . Critical Strikes 17 | . . . 2 . 5 . 7 . 1 . 2 Meltdown 1 | . . . 1 . . . . . . . . Destroy 1 | . . . 1 . . . . . . . . Smash 11 | . . . . . 5 . 6 . . . . Sever 2 | . . . . . . . 1 . 1 . . Impale 2 | . . . . . . . . . . . 2 Melee Attacks 264 | . . . . . 95 . 133 1 24 1 10 Impact 146 | . . . . . 82 . 64 . . . . Slashing 108 | . . . . . 13 . 69 1 24 1 . Piercing 10 | . . . . . . . . . . . 10 Sneak Attacks 29 | . . . . . 10 . 16 1 . . 2 Combat Hostiles 1 | . . . . . . . . . . . 1 Follow-up Attacks 4 | . . . . . . . 4 . . . . Damage Inflicted 21615 | . 1976 1378 2170 3753 2857 1896 3820 594 1517 . 1654 Guns 1660 | . 125 . 771 764 . . . . . . . Cannons 308 | . . . 308 . . . . . . . . Explosions 13689 | . 1771 1378 1063 2961 1726 1896 986 536 . . 1372 Melee 5822 | . . . . . 1131 . 2834 58 1517 . 282 Ramming 136 | . 80 . 28 28 . . . . . . . Kinetic 1660 | . 125 . 771 764 . . . . . . . Thermal 1038 | . . . 1038 . . . . . . . . Explosive 12888 | . 1771 1378 333 2961 1726 1896 915 536 . . 1372 Electromagnetic 71 | . . . . . . . 71 . . . . Impact 3162 | . . . . . 1029 . 2133 . . . . Slashing 2378 | . . . . . 102 . 701 58 1517 . . Piercing 282 | . . . . . . . . . . . 282 Highest Corruption 19 | . 3 3 . . . 10 19 19 19 19 . Average Corruption 8 | . 2 3 . . . 10 14 19 19 19 . Corruption Purged . | . . . . . . . . . . . . Corruption Blocked . | . . . . . . . . . . . . Effects 156 | . 21 24 . . . 6 78 14 12 1 . Message Errors 28 | . 3 3 . . . . 17 3 2 . . Matter Fused 46 | . 4 11 . . . 1 20 7 3 . . Heat Flow Errors 17 | . 2 4 . . . 2 6 1 1 1 . Energy Discharges 16 | . 3 1 . . . 1 8 1 2 . . Parts Rejected 1 | . . . . . . . 1 . . . . Parts Fused 3 | . . 1 . . . 1 1 . . . . Data Loss (minor) 25 | . 6 4 . . . . 12 1 2 . . Data Loss (major) 4 | . 1 . . . . . 2 1 . . . Misfires 8 | . 2 . . . . . 4 . 2 . . Misdirections 8 | . . . . . . 1 7 . . . . Overload Shots . | . . . . . . . . . . . . Overflow Damage 2663 | . 62 10 262 12 526 58 1189 . 544 . . Projectiles . | . . . . . . . . . . . . Explosions 494 | . 62 10 262 12 36 58 54 . . . . Melee 2169 | . . . . . 490 . 1135 . 544 . . Knockbacks 10 | . . . . . 4 . 6 . . . . Impact 10 | . . . . . 4 . 6 . . . . Kinetic . | . . . . . . . . . . . . Secondary . | . . . . . . . . . . . . Self-Inflicted Damage 1131 | . 32 94 177 275 186 13 236 18 100 . . Shots 34 | . 3 5 2 9 4 1 7 1 2 . . Rammed 30 | . 19 . 6 5 . . . . . . . Targets Rammed 33 | . 21 . 6 6 . . . . . . . Kicked . | . . . . . . . . . . . . Crushed 3 | . 2 . . 1 . . . . . . . Highest Temperature 361 | . 254 236 360 89 252 361 353 252 143 212 308 Average Temperature 62 | . 68 100 108 27 36 201 67 132 67 113 92 Received Heat Transfer 1364 | . 81 75 108 351 135 . 102 42 30 . 440 Effects 6 | . . . . . 1 5 . . . . . Shutdowns 1 | . . . . . . 1 . . . . . Energy Bleed 1 | . . . . . . 1 . . . . . Interference 4 | . . . . . 1 3 . . . . . Siege Activations . | . . . . . . . . . . . . Martial Activations . | . . . . . . . . . . . . Shielding Activations . | . . . . . . . . . . . . Robots Disrupted . | . . . . . . . . . . . . Combat Hostiles . | . . . . . . . . . . . . Robots Corrupted 10 | . . . . . 4 . 6 . . . . Combat Hostiles 1 | . . . . . . . 1 . . . . Parts Fried 19 | . . . . . 5 . 14 . . . . Impact Corruptions 40 | . . . . . 14 . 26 . . . . Robots Melted 1 | . . . 1 . . . . . . . . Combat Hostiles . | . . . . . . . . . . . . Parts Melted 2 | . . . 2 . . . . . . . . Heat Transferred 807 | . . . 807 . . . . . . . . Parts Sabotaged . | . . . . . . . . . . . . Parts Stolen . | . . . . . . . . . . . . Parts Stripped . | . . . . . . . . . . . . Power Chain Reactions 1 | . . . . . . . 1 . . . . Alert | -11 -10 -10 -8 -8 -7 -7 -7 -7 -7 -7 -6 ------- Run | Yrd Mat Sub Mat Sto Fac Was Fac Low Low Zio Pro Maximum Alert Level 4 | . 1 . . 3 3 1 4 . . . . Low Security (%) 37 | 100 89 . 100 12 . . 2 . . . . Level 1 12 | . 10 . . 17 14 100 6 . . . . Level 2 30 | . . . . 42 70 . 37 . . . . Level 3 18 | . . . . 27 15 . 44 . . . . Level 4 1 | . . . . . . . 8 . . . . Level 5 . | . . . . . . . . . . . . High Security . | . . . . . . . . . . . . Max Security . | . . . . . . . . . . . . Peak Influence 1204 | . 284 . 199 915 780 318 1204 . . . . Initial 408 | . . . 7 68 408 263 201 . . . . Average 389 | . 62 . 84 545 502 296 695 . . . . Influence Increases 6607 | . 667 130 589 1750 1032 75 1841 175 . . 348 Destroy 0b10 Robot/C 2200 | . 260 100 360 780 120 . 220 140 . . 220 Destroy 0b10 Robot/NC 490 | . 105 . 45 95 95 . 140 . . . 10 Destroy Leader 542 | . 70 . 88 202 42 . 80 20 . . 40 Allied During Kill 329 | . . . . 251 . . . . . . 78 Successful Hack 309 | . 26 . 10 21 90 . 162 . . . . Select Force Hacks 20 | . . . . . . . 20 . . . . Disable Machine 690 | . 60 . 30 195 90 . 315 . . . . Destroy Structure 872 | . 146 . 56 176 175 75 244 . . . . Partial Spotted 270 | . . . . 15 45 . 210 . . . . Lose Combat Pursuer 885 | . . 30 . 15 375 . 450 15 . . . Influence Decreases 6543 | . 622 161 439 1017 1175 541 1002 558 272 472 284 Entered New Map 2224 | . . 22 7 96 489 491 87 418 142 472 . Time Decay 2909 | . 472 129 232 571 526 50 565 130 120 . 114 Lost Part 180 | . . . 50 . . . 20 10 10 . 90 Lost Ally 330 | . . 10 . 200 10 . 30 . . . 80 Purge Threat 900 | . 150 . 150 150 150 . 300 . . . . Squads Dispatched 38 | . 2 . 1 7 11 . 17 . . . . Investigation 10 | . 2 . . 1 3 . 4 . . . . Extermination 9 | . . . . . 4 . 5 . . . . Reinforcement 10 | . . . . 2 3 . 5 . . . . Assault 5 | . . . . 1 1 . 3 . . . . Garrison 4 | . . . 1 3 . . . . . . . Intercept . | . . . . . . . . . . . . Searches Triggered . | . . . . . . . . . . . . Construction Impeded 3 | . . . . 1 1 . 1 . . . . Haulers Reinforced 2 | . . . . . . . 2 . . . . Active Scanning Responses . | . . . . . . . . . . . . Cargo Convoy Interrupts 2 | . . . . . 1 . 1 . . . . Stealth | -11 -10 -10 -8 -8 -7 -7 -7 -7 -7 -7 -6 --------- Run | Yrd Mat Sub Mat Sto Fac Was Fac Low Low Zio Pro Distress Signals 9 | . . . . 5 1 . 3 . . . . Communications Jammed . | . . . . . . . . . . . . Distress Signals . | . . . . . . . . . . . . Times Spotted 234 | . 19 15 18 46 51 6 60 5 2 . 12 Peak Tracking Total 9 | . 3 6 7 8 5 3 9 3 1 . 4 Tactical Retreats 30 | . . 1 . 1 13 . 14 1 . . . ECM-based Alert Blocks 1 | . . . . . 1 . . . . . . Traps | -11 -10 -10 -8 -8 -7 -7 -7 -7 -7 -7 -6 ------- Run | Yrd Mat Sub Mat Sto Fac Was Fac Low Low Zio Pro Traps Triggered 20 | . 6 1 2 2 4 . 5 . . . . Indirectly . | . . . . . . . . . . . . Trap Hack Attempts . | . . . . . . . . . . . . Triggered . | . . . . . . . . . . . . Disarmed . | . . . . . . . . . . . . Reprogrammed . | . . . . . . . . . . . . Reused . | . . . . . . . . . . . . Traps Extracted . | . . . . . . . . . . . . Installed . | . . . . . . . . . . . . Triggered . | . . . . . . . . . . . . Objects Rigged 2 | . 2 . . . . . . . . . . Machines | -11 -10 -10 -8 -8 -7 -7 -7 -7 -7 -7 -6 ---------- Run | Yrd Mat Sub Mat Sto Fac Was Fac Low Low Zio Pro Machines Disabled 48 | . 4 1 2 13 6 . 21 . 1 . . Max in Single Turn 8 | . 1 1 2 2 1 . 8 . 1 . . Garrison Access 4 | . . . . 1 2 . 1 . . . . Machines Repaired . | . . . . . . . . . . . . Machines Dismantled . | . . . . . . . . . . . . Machines Sabotaged . | . . . . . . . . . . . . Overloaded Fab Kills . | . . . . . . . . . . . . Hacking | -11 -10 -10 -8 -8 -7 -7 -7 -7 -7 -7 -6 --------- Run | Yrd Mat Sub Mat Sto Fac Was Fac Low Low Zio Pro Machines Accessed 96 | . 11 1 4 17 28 . 34 1 . . . Terminals 59 | . 8 . 2 14 18 . 17 . . . . Fabricators 8 | . . . . . 3 . 5 . . . . Repair Stations 4 | . 1 . . 1 . . 2 . . . . Recycling Units 12 | . 2 . 1 1 3 . 5 . . . . Scanalyzers 6 | . . . 1 . 2 . 3 . . . . Garrison Access 5 | . . . . 1 2 . 2 . . . . Total Hacks 237 | . 36 1 13 34 58 . 94 1 . . . Successful 126 | . 25 1 7 18 28 . 46 1 . . . Failed 110 | . 10 . 6 16 30 . 48 . . . . Catastrophic 21 | . 2 . 1 4 4 . 10 . . . . Database Lockouts 1 | . 1 . . . . . . . . . . Manual 97 | . 21 . 3 10 32 . 30 . 1 . . Terminals 145 | . 29 . 7 25 38 . 46 . . . . Fabricators 20 | . . . . . 6 . 14 . . . . Repair Stations 19 | . 3 . . 6 . . 10 . . . . Recycling Units 25 | . 4 . 3 2 6 . 10 . . . . Scanalyzers 18 | . . . 3 . 5 . 10 . . . . Garrison Access 8 | . . . . 1 3 . 4 . . . . Terminal Hacks 43 | . 9 1 2 9 7 . 14 1 . . . Record 1 | . . . . . . . 1 . . . . Part Schematic 5 | . . . . 1 1 . 3 . . . . Robot Analysis 1 | . 1 . . . . . . . . . . Prototype ID Bank 7 | . 3 . . . 1 . 3 . . . . Open Door 6 | . . . . 5 . . . 1 . . . Branch Access Points 2 | . . . . . 1 . 1 . . . . Terminal Index 2 | . . . . . 1 . 1 . . . . Fabricator Index 1 | . . . . . . . 1 . . . . Alert Level 2 | . 1 . . 1 . . . . . . . Unreport Threat 6 | . 1 . 1 1 1 . 2 . . . . Locate Traps 2 | . . . . 1 . . 1 . . . . Dispatch Records 1 | . 1 . . . . . . . . . . Security Status 1 | . 1 . . . . . . . . . . Hauler Manifests 2 | . . . 1 . 1 . . . . . . Registered Components 3 | . 1 . . . 1 . 1 . . . . Proto ID Catalog 1 | . . 1 . . . . . . . . . Fabricator Hacks 11 | . . . . . 4 . 7 . . . . Network Status 1 | . . . . . 1 . . . . . . Load Schematic 5 | . . . . . 1 . 4 . . . . Build 5 | . . . . . 2 . 3 . . . . Repair Station Hacks 15 | . 2 . . 6 . . 7 . . . . Scan Component 8 | . 1 . . 3 . . 4 . . . . Repair 7 | . 1 . . 3 . . 3 . . . . Recycling Unit Hacks 13 | . 3 . 1 . 4 . 5 . . . . Retrieve Matter 1 | . 1 . . . . . . . . . . Retrieve Components 12 | . 2 . 1 . 4 . 5 . . . . Scanalyzer 10 | . . . 3 . 3 . 4 . . . . Insert Component 3 | . . . 1 . . . 2 . . . . Analyze 2 | . . . 1 . . . 1 . . . . Retrieve Study 5 | . . . 1 . 3 . 1 . . . . Garrison Access Hacks 4 | . . . . 1 2 . 1 . . . . Seal Access 4 | . . . . 1 2 . 1 . . . . Unauthorized Hacks 30 | . 11 . 1 2 8 . 8 . . . . Terminals 26 | . 11 . 1 2 7 . 5 . . . . Track 1 | . 1 . . . . . . . . . . Assimilate 8 | . 3 . . . 2 . 3 . . . . Botnet 13 | . 3 . 1 2 5 . 2 . . . . Detonate 1 | . 1 . . . . . . . . . . Disrupt 1 | . 1 . . . . . . . . . . Operators 2 | . 2 . . . . . . . . . . Fabricators 4 | . . . . . 1 . 3 . . . . Prioritize 1 | . . . . . 1 . . . . . . Download 1 | . . . . . . . 1 . . . . Recompile 2 | . . . . . . . 2 . . . . Repair Stations . | . . . . . . . . . . . . Recycling Units . | . . . . . . . . . . . . Scanalyzers . | . . . . . . . . . . . . Garrison Access . | . . . . . . . . . . . . Data Cores Recovered . | . . . . . . . . . . . . Used . | . . . . . . . . . . . . Hacking Detections 75 | . 8 . 4 12 24 . 27 . . . . Full Trace Events 3 | . . . . . 2 . 1 . . . . Feedback Events 1 | . . . . . . . 1 . . . . Corruption 1 | . . . . . . . 1 . . . . Feedback Blocked . | . . . . . . . . . . . . Robot Schematics Acquired 4 | . . . . . . . . . . 4 . Robots Built 1 | . . . . . . . 1 . . . . Authchips . | . . . . . . . . . . . . Time 58 | . . . . . . . 58 . . . . Total Robot Build Rating 3 | . . . . . . . 3 . . . . Part Schematics Acquired 21 | . . . . 1 1 . 5 . . 14 . Parts Built 5 | . . . . . 3 . 2 . . . . Authchips 2 | . . . . . . . 2 . . . . Time 173 | . . . . . 67 . 106 . . . . Total Part Build Rating 26 | . . . . . 14 . 12 . . . . Part Studies Acquired 5 | . . . 1 . 3 . 1 . . . . Parts Repaired 7 | . 1 . . 3 . . 3 . . . . Time 194 | . 26 . . 78 . . 90 . . . . Parts Recycled . | . . . . . . . . . . . . Recycled Matter . | . . . . . . . . . . . . Retrieved Matter 229 | . 229 . . . . . . . . . . Retrieved Components 46 | . 11 . 3 . 15 . 17 . . . . Parts Scanalyzed 3 | . . . 1 . . . 2 . . . . Part Schematics Acquired 1 | . . . . . . . 1 . . . . Parts Damaged 1 | . . . . . . . 1 . . . . Bothacking | -11 -10 -10 -8 -8 -7 -7 -7 -7 -7 -7 -6 ------------ Run | Yrd Mat Sub Mat Sto Fac Was Fac Low Low Zio Pro Used RIF Installer . | . . . . . . . . . . . . Robots Hacked 1 | . . . . . 1 . . . . . . Non-combat 1 | . . . . . 1 . . . . . . Combat . | . . . . . . . . . . . . Robot Hacks Applied 2 | . . . . . 2 . . . . . . parse_system 1 | . . . . . 1 . . . . . . find_chute 1 | . . . . . 1 . . . . . . Relay Couplers Released . | . . . . . . . . . . . . Fabnet Peak Effective % . | . . . . . . . . . . . . Robots Rewired . | . . . . . . . . . . . . Allies Hacked . | . . . . . . . . . . . . Hacks Repelled . | . . . . . . . . . . . . Allies | -11 -10 -10 -8 -8 -7 -7 -7 -7 -7 -7 -6 -------- Run | Yrd Mat Sub Mat Sto Fac Was Fac Low Low Zio Pro Total Allies 21 | . 2 . . 10 1 . 4 . . 4 . Largest Group 10 | . 2 2 1 10 1 . 3 . . 4 4 Highest-Rated Group 173 | . 20 20 10 173 26 . 62 . . 151 151 Highest-Rated Ally 39 | . 10 10 10 29 26 . 26 . . 39 39 Total Orders . | . . . . . . . . . . . . Ally Attacks 132 | . . . . 129 . . . . . . 3 Total Damage 1539 | . . . . 1479 . . . . . . 60 Kills 16 | . . . . 15 . . . . . . 1 Allies Corrupted . | . . . . . . . . . . . . Allies Melted . | . . . . . . . . . . . . Intel | -11 -10 -10 -8 -8 -7 -7 -7 -7 -7 -7 -6 ------- Run | Yrd Mat Sub Mat Sto Fac Was Fac Low Low Zio Pro Active Infowar (turns) 6579 | . 655 516 271 275 1466 87 1682 228 256 753 390 Optics 3607 | . . 2 . . 1459 87 1682 . . . 377 Sensors 4715 | . . . . 275 1318 6 1542 228 256 753 337 Seismic 1440 | . 655 514 271 . . . . . . . . ECM 41 | . . . . . 41 . . . . . . Robot Analysis Total 1 | . 1 . . . . . . . . . . Derelict Logs Recovered 8 | . . 2 . . . . . 2 . 2 2 Drone Launches . | . . . . . . . . . . . . Drone Recoveries . | . . . . . . . . . . . . Exploration | -11 -10 -10 -8 -8 -7 -7 -7 -7 -7 -7 -6 ------------- Run | Yrd Mat Sub Mat Sto Fac Was Fac Low Low Zio Pro Turns Passed 10962 | 31 2148 1376 736 1720 1469 113 1682 279 256 753 399 Spaces Moved 13812 | 42 1192 793 271 760 3565 220 4165 661 527 1186 430 Core 54 | 42 8 . . . . . . . . . 4 Treads 3007 | . 1184 793 271 759 . . . . . . . Legs . | . . . . . . . . . . . . Wheels . | . . . . . . . . . . . . Hover 2873 | . . . . . . . 73 661 527 1186 426 Flight 7878 | . . . . 1 3565 220 4092 . . . . Fastest Speed 17 | 50 50 160 160 160 17 20 17 34 34 38 38 Average Speed 57 | 50 159 160 163 167 21 20 22 34 34 42 66 Slowest Speed 240 | 50 240 160 240 170 26 20 170 38 38 98 150 Overloaded Moves 76 | . . . . . 7 . 69 . . . . Propulsion Burnouts . | . . . . . . . . . . . . Robots Hopped 20 | . . . . . 6 . 14 . . . . Potential Cave-ins 2 | . . . . . . 2 . . . . . Cave-ins Triggered . | . . . . . . . . . . . . Exploration Rate (%) 67 | 3 99 42 24 91 88 86 86 85 69 91 47 Regions Visited 11 Branch Regions 6 Pre-discovered Areas 5 | . . 2 . . . . . . . 3 . Known Exits Taken 4 | . . . . . . . 1 1 1 1 . Unknown Exits Taken 5 | 1 1 1 1 1 . . . . . . . Scrap Searched 16 | . . 8 . . . . . 4 2 2 . Spaces Dug 241 | . 32 9 9 . 91 . 71 . 29 . . Terrain Destroyed 1441 | . 194 152 86 183 196 159 266 66 45 . 94 Melee 136 | . . . . . 68 . 66 . 2 . . Projectile 7 | . . . 7 . . . . . . . . AOE 1298 | . 194 152 79 183 128 159 200 66 43 . 94 Terrain Rammed . | . . . . . . . . . . . . Walls Destroyed . | . . . . . . . . . . . . Machines Disabled . | . . . . . . . . . . . . Actions | -11 -10 -10 -8 -8 -7 -7 -7 -7 -7 -7 -6 --------- Run | Yrd Mat Sub Mat Sto Fac Was Fac Low Low Zio Pro Total 16109 | 49 1363 856 491 1100 4063 288 4690 702 562 1420 525 Wait 1231 | . 72 18 113 131 275 47 285 27 4 211 48 Move 13763 | 41 1191 792 270 759 3553 219 4137 660 526 1185 430 Hop 19 | . . . . . 6 . 13 . . . . Pick Up 110 | 5 10 4 14 27 20 1 17 1 1 4 6 Fast Attach 70 | 3 8 1 9 2 22 . 19 . 1 3 2 Attach 41 | . 1 3 5 5 7 . 10 2 . 2 6 Detach 8 | . . 1 2 . 1 . 3 . . . 1 Swap 111 | . 11 5 15 33 24 1 12 2 2 3 3 Drop 139 | . 4 3 9 34 42 1 27 1 3 7 8 Fire 304 | . 45 29 48 101 22 19 16 8 1 4 11 Melee 245 | . . . . . 91 . 118 1 24 1 10 Ram . | . . . . . . . . . . . . Kick . | . . . . . . . . . . . . Crush 33 | . 21 . 6 6 . . . . . . . Escape Stasis 35 | . . . . 2 . . 33 . . . . Rewire . | . . . . . . . . . . . . Trap . | . . . . . . . . . . . . Miscellaneous . | . . . . . . . . . . . . Route ------- -11/Scrapyard -10/Materials (discovered 5 exits: [*Mat x3] / [*Min] / *Sub) -10/Subcaves -8/Materials -8/Storage -7/Factory (discovered 5 exits: *Fac x3 / *Low x2) -7/Waste -7/Factory (discovered 6 exits: *Fac x4 / *Low x2) -7/Lower Caves -7/Lower Caves (discovered 2 exits: *Fac / *Zio) -7/Zion (discovered 2 exits: [*Dee] / *Pro) -6/Proximity Caves History --------- Turn | Location | Event 10 | -11/Scrapyard | Discovered new exit (range 15) 32 | -11/Scrapyard | Entered Materials 306 | -10/Materials | Build established: Mutant 391 | -10/Materials | Destroyed 9 combat bots 475 | -10/Materials | Repaired Grenade Launcher 686 | -10/Materials | Discovered new exit (range 8) 728 | -10/Materials | Discovered new exit (range 9) 903 | -10/Materials | Discovered new exit (range 15) 953 | -10/Materials | Discovered new exit (range 13) 1286 | -10/Materials | Discovered new exit (range 14) 1305 | -10/Materials | Central database locked down 2180 | -10/Materials | Entered Subcaves 2180 | -10/Subcaves | Accompanied by 2 allies 2181 | -10/Subcaves | Approached by a straggling Scientist 2542 | -10/Subcaves | Shifting Twisted Machinery released Sub. Optics 2549 | -10/Subcaves | Disturbed a concealed Subdweller 2549 | -10/Subcaves | Shifting Twisted Machinery released Sub. Laser 2592 | -10/Subcaves | Discovered new exit (range 8) 2595 | -10/Subcaves | Learned location of Storage (-8) 2664 | -10/Subcaves | Ambushed by Subdweller buried in earth 2666 | -10/Subcaves | Ambushed by Subdweller buried in earth 2682 | -10/Subcaves | Visited 4L-MR0's lab 2829 | -10/Subcaves | Found Meta Core 2942 | -10/Subcaves | Disturbed a concealed Subdweller 3444 | -10/Subcaves | Learned location of Zion (-7) 3556 | -10/Subcaves | Entered Materials 3556 | -8/Materials | Accompanied by 1 ally 3556 | -8/Materials | Evolved 4 slots: Propulsion x2, Utility x2 3775 | -8/Materials | Destroyed 7 combat bots 3785 | -8/Materials | Lost 3 parts (2p1n) 4185 | -8/Materials | Discovered new exit (range 8) 4251 | -8/Materials | Garrison activated, responded to threat 4272 | -8/Materials | Build established: Scavenger-Mutant 4292 | -8/Materials | Entered Storage 4305 | -8/Storage | Assisted by bots powering up and referring to "LRC-V3" 4352 | -8/Storage | Repaired Grenade Launcher+ 4523 | -8/Storage | Repaired Lgt. Treads 4550 | -8/Storage | Repaired Lgt. Treads 4609 | -8/Storage | Build established: Commander-Mutant 5049 | -8/Storage | Lost 8 allies 5159 | -8/Storage | Garrison activated, responded to threat 5345 | -8/Storage | Build established: Mutant 5492 | -8/Storage | First assault squad dispatched 5562 | -8/Storage | Destroyed 8 combat bots 5703 | -8/Storage | Discovered new exit (range 16) 6012 | -8/Storage | Entered Factory 6012 | -7/Factory | Evolved 2 slots: Propulsion x1, Utility x1 6018 | -7/Factory | Attached Meta Core, gained temporary slots: Propulsion, Utility, Weapon 6213 | -7/Factory | Discovered new exit (range 15) 6220 | -7/Factory | Identified exit to Factory 6252 | -7/Factory | Discovered exit to Factory (range 16) 6300 | -7/Factory | Fabricated Prc. Grenade Launcher? 6317 | -7/Factory | Build established: Scout 6412 | -7/Factory | First assault squad dispatched 6469 | -7/Factory | Discovered new exit (range 20) 6473 | -7/Factory | Identified exit to Lower Caves 6480 | -7/Factory | Discovered exit to Factory (range 11) 6775 | -7/Factory | Build established: Hacker-Scout 6993 | -7/Factory | Cargo convoy interrupted 7287 | -7/Factory | Fabricated Launcher Loader (x2) 7481 | -7/Factory | Manually triggered Chute Trap 7481 | -7/Factory | Sucked down chute 7481 | -7/Factory | Entered Waste 7483 | -7/Waste | Spotted C-40 Crusher 7494 | -7/Waste | Destroyed C-40 Crusher 7496 | -7/Waste | EMP discharged 7496 | -7/Waste | System corruption reached 10% 7500 | -7/Waste | Spotted C-40 Crusher 7505 | -7/Waste | Destroyed C-40 Crusher 7505 | -7/Waste | Spotted C-40 Crusher 7510 | -7/Waste | Spotted C-40 Crusher 7511 | -7/Waste | Spotted C-40 Crusher 7538 | -7/Waste | Destroyed C-40 Crusher 7544 | -7/Waste | Spotted C-40 Crusher 7563 | -7/Waste | Discovered new exit (range 11) 7594 | -7/Waste | Identified exit to Factory 7594 | -7/Waste | Entered Factory 8059 | -7/Factory | Build established: Scout 8098 | -7/Factory | Discovered exit to Factory (range 19) 8260 | -7/Factory | Fabricated O-24 Administrator? 8300 | -7/Factory | Core integrity fell below 50% 8303 | -7/Factory | Discovered exit to Factory (range 20) 8394 | -7/Factory | First assault squad dispatched 8401 | -7/Factory | Cargo convoy interrupted 8571 | -7/Factory | Fabricated Adv. System Shield (x1) 8625 | -7/Factory | Fabricated Adv. System Shield (x1) 8713 | -7/Factory | Repaired Imp. VTOL Module 8714 | -7/Factory | Repaired Matter Compressor? 8756 | -7/Factory | Repaired Imp. Cesium-ion Thruster 8847 | -7/Factory | Build established: Hacker-Scout 9029 | -7/Factory | Discovered exit to Factory (range 18) 9083 | -7/Factory | Discovered exit to Factory (range 9) 9276 | -7/Factory | Entered Lower Caves 9323 | -7/Lower Caves | Learned 8 Factory zone layouts 9360 | -7/Lower Caves | Learned Factory terminal intel 9396 | -7/Lower Caves | Attracted the attention of an 0b10 checkpoint 9508 | -7/Lower Caves | Build established: Hacker-Mutant 9520 | -7/Lower Caves | Encountered a Warlord checkpoint 9542 | -7/Lower Caves | Discovered new exit (range 14) 9554 | -7/Lower Caves | Identified exit to Lower Caves 9555 | -7/Lower Caves | Entered another Lower Caves area 9562 | -7/Lower Caves | Discovered exit to Factory (range 14) 9698 | -7/Lower Caves | Acquired the password to a Derelict Tinkerer's latest research 9704 | -7/Lower Caves | Found Prototype Special Weapon 9766 | -7/Lower Caves | Attracted the attention of an 0b10 checkpoint 9808 | -7/Lower Caves | Discovered new exit (range 11) 9811 | -7/Lower Caves | Identified exit to Zion 9811 | -7/Lower Caves | Entered Zion 9823 | -7/Zion | System corruption cleaned by Quarantine Array 9894 | -7/Zion | Learned location of Warlord (-4) 9934 | -7/Zion | Learned location of Data Miner (-6) 9966 | -7/Zion | Learned 4 Factory zone layouts 9967 | -7/Zion | Received a hallucinogenic algorithm 9976 | -7/Zion | Learned 4 Factory zone layouts 10004 | -7/Zion | Found CR-A16's Pointy Stick 10070 | -7/Zion | Identified Molecular Deconstructor 10093 | -7/Zion | Discovered new exit (range 2) 10185 | -7/Zion | Met Imprinter 10199 | -7/Zion | Imprinted 10201 | -7/Zion | Declared Zion's savior 10491 | -7/Zion | Discovered new exit (range 15) 10528 | -7/Zion | Identified exit to Proximity Caves 10564 | -7/Zion | Entered Proximity Caves 10564 | -6/Proximity Caves | Accompanied by 4 allies 10567 | -6/Proximity Caves | Spotter reported a threat 10657 | -6/Proximity Caves | Learned 4 Factory zone layouts 10708 | -6/Proximity Caves | Learned Factory non-interactive machine intel 10873 | -6/Proximity Caves | Spotted B-75 Beast 10886 | -6/Proximity Caves | Destroyed 7 combat bots 10937 | -6/Proximity Caves | Revealed the true nature of CR-A16's Pointy Stick 10939 | -6/Proximity Caves | Core integrity fell below 20% 10950 | -6/Proximity Caves | Lost 4 allies 10962 | -6/Proximity Caves | Destroyed B-75 Beast 10963 | -6/Proximity Caves | Destroyed by H-66 Slayer with Gauss Rifle Last Messages --------------- CR-A16's Pointy Stick's crusty surface crumbles away to reveal its sleek core, which hums to life. 10937_ B-75 Beast suffers critical hit (Impale). 10941_ Knocked back. 10944_ Hvy. Missile Launcher+ destroyed. 10944_ Hrd. Medium Armor Plating destroyed. 10944_ Knocked back. 10945_ Acquired 15 matter. 10954_ Imp. Airjet destroyed. 10954_ Adv. Visual Processing Unit destroyed. 10954_ Critical hit (Blast). 10954_ Knocked back. 10954_ Imp. Sensor Array destroyed. 10959_ Slug penetrates Wall. 10959_ Penetrated by Slug. 10959_ Imp. Airjet destroyed. 10960_ Acquired 77 matter. 10962_ B-75 Beast suddenly blasts apart at the seams. 10962_ B-75 Beast destroyed. 10963_ Penetrated by Slug. Map ----- +----------------------------------------------------+ | ?? ## ### ##??????????????????????????? | | ??# #??????????????????????????? | | ??# #??????????????????????????? | | ### #??????????????????????????? | | ## #???????????????????????????? | | #???????????????????????????? | | ### ?????????????????????? | | ?????????????????????? | | ??? #???????????????? | | #????????? ##??????????????? | | # # ## #???????? ???????????????? | | ##??????????????? ???????????????? | | ##????????????? ##??????????????? | | ##???????????? #??????????????? | | ## # ##??????????? #??????????????? | | ### # # # ##?????????? #??????????????? | | #?# ### ### ##???????? ???????????????? | | ?# #?## #???????? $ ????????????????? | | ?## #??# ##??????? ?????????????????? | | ??##### ##?## #??????? #?????????????????? | | ??????#####??# #??????# #?????????????????? | | ????????????## #????##; #??????????????????? | | ####???????## ##??##* #???????????????????? | | #???????# #??#%![#????????????????????? | | ## #??##???# #?##!%;#????????????????????? | | ## #?# ##??# # ###;@!##????????????????????? | | # ## #??## # ##%[ ;#????????????????????? | | # ##??# # # # !# #????????????????????? | | # #??# ## *h[ ;;##???????????????????? | | # # #?## ## #### ;;;#???????????????????? | | ### ## ### #?## ##??????????????????? | | #?# #?### #?#; % #??????????????????? | | ### #???# #?###% ;#??????????????????? | | ## #???## # #???#####??????????????????? | | ## #????# # ## ##??????????????????????????? | | ###### #### ######???????????????????????????? | | #??##?????????????????????????????????? | | #######?????????????????????????????????????? | | ######???????????????????????????????????????????? | | ?????????????????????????????????????????????????? | | ?????????????????????????????????????????????????? | | ?????????????????????????????????????????????????? | | ?????????????????????????????????????????????????? | | ?????????????????????????????????????????????????? | | ?????????????????????????????????????????????????? | | ?????????????????????????????????????????????????? | | ?????????????????????????????????????????????????? | | ?????????????????????????????????????????????????? | | ?????????????????????????????????????????????????? | | ?????????????????????????????????????????????????? | +----------------------------------------------------+ Best States ------------- Heat Dissipation 61 Coolant Potential 65 Energy Generation 19 Energy Capacity 315 Matter Stores 337 Matter Capacity 550 Sight Range 20 Robot Scan Range 15 Terrain Scan Density 10 ECM Strength 1 Armor Coverage 225 Weapon Cycling 15 Evasion (%) 66 Targeting Accuracy 8 Recoil Reduction 4 Matter Filtering 30 Offensive Hacking 30 Defensive Hacking 14 Authchip Count 2 Item Schematics ----------------- Imp. Weapon Shielding | -8/Storage | Hacked Launcher Loader | -7/Factory | Hacked Matter Compressor | -7/Factory | Scanalyzed Adv. System Shield | -7/Factory | Hacked Imp. Weapon Cycler | -7/Factory | Hacked Cmb. Airjet | -7/Factory | Downloaded Adv. System Restoration Module | -7/Factory | Hacked Flexi-carbon Leg | -7/Zion | Archive Gauss Rifle | -7/Zion | Archive Imp. Transmission Jammer | -7/Zion | Archive Adv. Shield Generator | -7/Zion | Archive Core Analyzer | -7/Zion | Archive Drone Bay | -7/Zion | Archive Arm. Huge Wheel | -7/Zion | Archive Fusion Compressor | -7/Zion | Archive Xenon Bombardment Thruster | -7/Zion | Archive Enh. Optical Array | -7/Zion | Archive Powered Hammer | -7/Zion | Archive Force Booster | -7/Zion | Archive Lgt. Angular Momentum Engine | -7/Zion | Archive Energy Well | -7/Zion | Archive Robot Schematics ------------------ A-02 Transporter | -7/Zion | Archive L-31 Rogue | -7/Zion | Archive K-01 Serf | -7/Zion | Archive Y-72 Warden | -7/Zion | Archive Fabricated ------------ Prc. Grenade Launcher | x1 | -7/Factory | Preloaded Launcher Loader | x2 | -7/Factory O-24 Administrator | x1 | -7/Factory | Preloaded Adv. System Shield | x1 | -7/Factory | Authchip Adv. System Shield | x1 | -7/Factory | Authchip Repaired ---------- Grenade Launcher | 21% | -10/Materials Grenade Launcher | 5% | -8/Storage Lgt. Treads | 13% | -8/Storage Lgt. Treads | 9% | -8/Storage Imp. VTOL Module | 32% | -7/Factory Matter Compressor | 60% | -7/Factory Imp. Cesium-ion Thruster | 71% | -7/Factory Studied --------- Grenade Launcher | -8/Materials | Hacked Remote Datajack | -7/Factory | Hacked Rocket Launcher | -7/Factory | Hacked Hvy. Rocket Launcher | -7/Factory | Hacked Hvy. Missile Launcher | -7/Factory | Hacked Alien Tech Used ----------------- None Achievements -------------- None Challenges ------------ None Game ------ Seed StorageNanofilamentsDirector Manual? 0 Play Time 02:51:57 Cumulative 544.2 hours Start 2026.01.26 @ 18:24:11 End 2026.01.26 @ 22:24:08 Sessions 5 Manual Loads 0 Difficulty Rogue Special Mode None Game No. 313 Rogue 313 Adventurer 0 Explorer 0 Win Type - Total 17 Types 11/0/3/0/0/0/1/2/0/0 Lore% 87 Gallery% 83 Achievement% 68 Wizard Run 0 Options --------- Layout 0 ASCII 0 Keyboard 0 Movement Mouse Keybinds 0 Fullscreen 2 Font 24/Smallcaps Map View 76x50 Zoom Use 0% Tactical HUD 1 Map Filters NONE Filters NONE Steam 1 RUN: cc8967c6-b270-4d6c-ab1a-3c987e885d04